 Dungeon Crawl Stone Soup version 0.26.0-16-gc1dbca0489 (webtiles) character file.

Game seed: 11683582126682144213

176 shakesphere1979 the Skirmisher (level 5, -12/42 HPs)
             Began as a Demonspawn Chaos Knight on Jan 19, 2021.
             Was a Plaything of Xom.
             Killed from afar by a ynoxinul (25 damage)
             ... with an iron shot
             ... summoned by Xom
             ... on level 2 of the Dungeon.
             The game lasted 00:04:10 (1837 turns).

shakesphere1979 the Skirmisher (DsCK)               Turns: 1837, Time: 00:04:11

Health: -12/42     AC:  6    Str: 13    XL:     5   Next: 30%
Magic:  5/5        EV: 12    Int: 14    God:    Xom [*.....]
Gold:   120        SH:  0    Dex: 12    Spells: 4/4 levels left

rFire    . . .     SeeInvis .   a - +0 spear (chaos)
rCold    . . .     Faith    .   (no shield)
rNeg     . . .     Spirit   .   b - +2 leather armour
rPois    .         Reflect  .   (no helmet)
rElec    .         Harm     .   (no cloak)
rCorr    .         Rampage  .   (no gloves)
Will     .....                  g - +0 pair of boots {run}
Stlth    +.........             (no amulet)
HPRegen  0.14/turn              (no ring)
MPRegen  0.09/turn              (no ring)

@: quick
A: hooves 1
a: Renounce Religion


You were on level 2 of the Dungeon.
You worshipped Xom.
You were a special plaything of Xom.
You visited 1 branch of the dungeon, and saw 2 of its levels.

You collected 120 gold pieces.

Inventory:

Hand Weapons
 a - a +0 spear of chaos (weapon)
Missiles
 f - 68 stones (quivered)
 l - 8 arrows
Armour
 b - a +2 leather armour (worn)
 g - a +0 pair of boots of running (worn)
Jewellery
 h - an uncursed ring of see invisible {unknown}
Scrolls
 e - 2 scrolls of identify {unknown}
 i - 2 scrolls of remove curse {unknown}
 k - a scroll of teleportation {unknown}
 m - a scroll of fog {unknown}
Potions
 c - a potion of heal wounds {unknown}
 d - a potion of curing
 j - a potion of brilliance {unknown}


   Skills:
 + Level 4.2 Fighting
 - Level 2.6 Polearms
 + Level 3.2 Armour
 + Level 2.7 Dodging


You had 4 spell levels left.
You didn't know any spells.
Your spell library was empty.

Dungeon Overview and Level Annotations

Branches:
Dungeon (2/15)

Altars:


Innate Abilities, Weirdness & Mutations

You have large cloven feet.


Message History

You miss the ufetubus. The ufetubus closely misses you. x2
The ynoxinul hits you!
You barely miss the ufetubus. The ufetubus closely misses you.
The ufetubus hits you but does no damage.
You hit the ufetubus but do no damage. The ufetubus closely misses you.
The ufetubus barely misses you. The ynoxinul barely misses you.
The ufetubus hits you. x2
You hit the ufetubus.
The ufetubus is heavily wounded.
The ynoxinul hits you. The ufetubus hits you.
The ufetubus completely misses you.
You barely miss the ufetubus.
The ufetubus is heavily wounded.
The ufetubus misses you.
The ufetubus hits you but does no damage.
The ynoxinul gestures at you. The iron shot hits you!!
Ouch! That really hurt!
You die...
Xom guffaws!

####†#####.#.# #.........#'##
#.#.###.##...## #.#.#
#.#.....# # ####.#.#
#........
....########.#....###........
!.....†...○...○÷...).........
....########5#...............
# #@##.######....... #3####
##.....# #5###########...##
#5##........##'##
#.##.######.##.#
#.##.........#.###
#.##..##..........
#.##..##.##.....##
##.##..##.##......#


You could see a ynoxinul (summoned) and 3 ufetubi.

Vanquished Creatures
  A scorpion (D:2)
  A howler monkey (D:2)
  An adder (D:2)
  A dart slug (D:1)
  A ball python (D:1)
  2 giant cockroaches (D:1)
  A goblin (D:2)
  4 hobgoblins
  4 kobolds
  8 bats
  A frilled lizard (D:1)
  2 rats (D:1)
27 creatures vanquished.

Vanquished Creatures (collateral kills)
  A swamp drake (D:2)
1 creature vanquished.

Grand Total: 28 creatures vanquished

Notes
Turn   | Place    | Note
-------+----------+-------------------------------------------
     0 | D:1      | shakesphere1979 the Demonspawn Chaos Knight began the quest
                  | for the Orb.
     0 | D:1      | Reached XP level 1. HP: 18/18 MP: 1/1
    88 | D:1      | Reached skill level 1 in Dodging
   164 | D:1      | Gained mutation: You have large cloven feet. [demonic
                  | ancestry]
   164 | D:1      | Reached XP level 2. HP: 22/24 MP: 2/2
   174 | D:1      | Identified a +0 pair of boots of running (You found it on
                  | level 1 of the Dungeon)
   605 | D:1      | XOM: silly message
   628 | D:1      | XOM is BORED!
   700 | D:2      | XOM: smoke on damage
  1017 | D:2      | Noticed a scorpion
  1017 | D:2      | XOM: enchant monster (good)
  1032 | D:2      | Killed a scorpion
  1033 | D:2      | Reached XP level 3. HP: 20/30 MP: 3/3
  1033 | D:2      | Reached XP level 4. HP: 24/37 MP: 4/4
  1551 | D:2      | Reached skill level 4 in Fighting
  1625 | D:2      | Noticed a swamp drake
  1625 | D:2      | a bat changed into a swamp drake
  1625 | D:2      | XOM: polymorph bat -> swamp drake
  1631 | D:2      | XOM: fake destruction
  1639 | D:2      | XOM: summons friendly shadow imp
  1641 | D:2      | XOM: summons 4 friendly demons
  1673 | D:2      | Killed a swamp drake
  1674 | D:2      | Reached XP level 5. HP: 4/42 MP: 5/5
  1674 | D:2      | HP: 2/42 [something (2)]
  1819 | D:2      | XOM: summons 3 hostile demons
  1831 | D:2      | Noticed a ynoxinul
  1831 | D:2      | a crimson imp changed into a ynoxinul
  1837 | D:2      | Killed from afar by a ynoxinul

Illustrated notes

Levels and vault maps discovered:
D:1:      minmay_arrival_up_and_down, layout_loops_ring
D:2:      layout_loops_corners

Skill      XL: |  1  2  3  4 |
---------------+-------------+-----
Dodging        | 1 2 |  2.7
Armour         | 2 3 |  3.2
Fighting       | 4 |  4.2
Polearms       | |  2.6

Action                   |  1- 3 |  4- 6 || total
-------------------------+-------+-------++-------
Melee: Spear             |    83 |    56 ||   139
  Use: Potion            |       |     1 ||     1
 Stab: Petrified         |     7 |       ||     7
       Sleeping          |     1 |       ||     1
Armor: Leather armour    |    22 |    14 ||    36
Dodge: Dodged            |    46 |    38 ||    84
